Map: Ulrena

Players

AcerNerchio (Nerchio) - Winner!

  • Race: Zerg Zerg

Shark

  • Race: Terran Terran
  • League: Platinum

Event: Gauntlet LotV Series 1 Qualifier 1

VOD

Have the link to the VOD?

Description

Time

  • Played on: Nov. 22, 2015, 3:50 p.m.
  • Length: 5:53

All games in this series

Show
View Real Time Build Order
Export as new Build Order

AcerNerchio Zerg - Winner!

Build Orders: Hatch First 

Get SALT Encoding   

  12  0:00  Drone  
  13  0:12  Overlord  
  13  0:17  Drone  
  14  0:30  Drone x2  
  14  0:34  Drone  
  17  0:54  Hatchery  
  17  0:55  Drone  
  17  0:59  Drone  
  18  1:13  Spawning Pool  
  18  1:16  Drone  
  18  1:19  Drone  
  18  1:22  Extractor  
  18  1:28  Drone  
  19  1:58  Overlord  
  19  2:00  Zergling x4  
  21  2:06  Spine Crawler, Zergling x2  
  21  2:08  Queen  
  22  2:21  Zergling x2  
  18  2:36  Drone  
  18  2:41  Drone  
  17  2:49  Drone  
  18  2:52  Drone  
  18  2:57  Drone  
  20  3:02  Drone  
  20  3:04  Drone  
  22  3:08  Drone  
  22  3:12  Drone  
  24  3:14  Drone  
  24  3:18  Zergling x2  
  25  3:21  Zergling x2  
  25  3:23  Drone  
  25  3:26  Drone  
  28  3:35  Queen  
  28  3:38  Drone  
  31  3:42  Drone x2  
  31  3:44  Drone  
  34  3:49  Extractor  
  34  3:50  Overlord  
  34  3:53  Drone  
  34  3:59  Drone  
  35  4:03  Roach Warren  
  35  4:05  Drone  
  35  4:09  Drone  
  36  4:17  Drone  
  36  4:21  Overlord  
  36  4:22  Drone x3  
  40  4:25  Extractor  
  40  4:27  Overlord  
  39  4:32  Overlord  
  39  4:51  Roach x2  
  39  4:52  Roach x4  
  51  4:55  Roach  
  51  4:58  Roach  
  55  5:02  Roach  
  55  5:05  Roach  
  59  5:07  Roach  
  59  5:12  Overlord  
  61  5:19  Overlord  
  61  5:22  Ravager x2  
  61  5:25  Ravager  
  61  5:28  Ravager  
  65  5:31  Roach  
  65  5:32  Zergling x8  
  65  5:34  Zergling x2  
Show
View Real Time Build Order
Export as new Build Order

Shark Terran 

Build Orders:  

Get SALT Encoding   

  12  0:00  SCV  
  13  0:13  SCV  
  14  0:17  Supply Depot  
  14  0:25  SCV  
  16  0:48  Barracks  
  15  0:50  Barracks  
  15  0:53  SCV  
  16  1:05  SCV  
  16  1:09  Supply Depot  
  17  1:17  SCV  
  18  1:32  Barracks  
  19  1:35  Marine  
  19  1:37  Marine  
  20  1:40  Orbital Command  
  20  1:53  Marine  
  21  1:55  Marine  
  22  2:06  Refinery  
  22  2:11  Marine  
  22  2:13  Marine  
  24  2:29  Marine  
  25  2:35  Marine  
  22  2:44  SCV  
  19  2:46  Marine x2  
  20  2:53  Command Center  
  20  2:56  SCV  
  20  2:57  Marine  
  21  3:08  SCV  
  21  3:09  Marine  
  22  3:20  SCV  
  24  3:27  Factory  
  24  3:29  Refinery  
  24  3:32  SCV  
  24  3:45  SCV  
  25  3:53  Barracks Reactor  
  25  3:57  SCV  
  26  4:05  Orbital Command  
  26  4:11  SCV  
  26  4:12  Starport  
  26  4:14  Bunker  
  27  4:21  Orbital Command  
  27  4:23  SCV  
  28  4:27  Factory  
  28  4:35  SCV  
  29  4:39  Refinery  
  29  4:40  Refinery  
  29  4:48  SCV x2, Supply Depot  
  29  4:50  Barracks Tech Lab  
  31  4:54  Starport Tech Lab  
  31  4:56  Hellion x2  
  35  5:00  SCV  
  35  5:01  SCV  
  37  5:11  Factory Tech Lab  
  37  5:13  SCV  
  42  5:24  Hellion  
  42  5:26  Hellion  
  45  5:29  SCV  
  45  5:30  SCV  
  47  5:41  SCV  
Tags
 
Add a new tag
Caveats
  • Supply blocks, unpowered buildings, or Contaminate may cause inaccurate times.
  • Supply counts are checked every 10 seconds.